 Dungeon Crawl Stone Soup version 0.28-a0-724-g66f9036eb4 (webtiles) character file.

Game seed: 14412911392621608538

7 flotson the Sneak (level 1, 0/18 HPs)
             Began as a Demonspawn Delver on Oct 26, 2021.
             Slain by an ogre (13 damage)
             ... on level 4 of the Dungeon.
             The game lasted 00:00:29 (526 turns).

flotson the Sneak (Demonspawn Delver)                Turns: 526, Time: 00:00:30

Health: 0/18       AC:  3    Str: 12    XL:     1   Next: 83%
Magic:  1/1        EV: 11    Int: 11    God:
Gold:   0          SH:  0    Dex: 14    Spells: 0/0 levels left

rFire   . . .      SeeInvis .   a - +0 hand axe
rCold   . . .      Faith    .   (no shield)
rNeg    . . .      Spirit   .   b - +0 leather armour
rPois   .          Reflect  .   (no helmet)
rElec   .          Harm     .   (no cloak)
rCorr   .          Rampage  .   (no gloves)
Will    .....                   (no boots)
Stlth   ++........              (no amulet)
HPRegen 0.06/turn               (no ring)
MPRegen 0.07/turn               (no ring)

@: no status effects
A: no striking features
a: no special abilities


You were on level 4 of the Dungeon.
You visited 1 branch of the dungeon, and saw 2 of its levels.

Inventory:

Hand Weapons
 a - a +0 hand axe (weapon)
Armour
 b - a +0 leather armour (worn)
Wands
 g - a wand of digging (3)
Scrolls
 c - a scroll of fog
 d - a scroll of magic mapping
 e - a scroll of fear
Potions
 h - a potion of curing {unknown}


   Skills:
 + Level 3.1 Fighting
 + Level 1.9 Axes
 + Level 0.4 Armour
 + Level 1.9 Dodging
 - Level 4.5 Stealth


You couldn't memorise any spells.
You didn't know any spells.
Your spell library was empty.

Dungeon Overview and Level Annotations

Branches:
Dungeon (5/15)
 Temple: D:4-7

Altars:


Message History

You hit the ufetubus.
The ufetubus is severely wounded.
The ufetubus hits you. The ufetubus closely misses you.
You hit the ufetubus.
You kill the ufetubus!
There is a stone staircase leading up here.
You start resting.
Your extra speed is starting to run out.
You start resting.
You feel yourself slow down.
You start resting.
HP restored.
You climb upwards.
There is a stone staircase leading down, spattered with blood here.
An ogre comes into view. It is wielding a +0 giant club.
You hit the quokka.
The quokka is moderately wounded.
The ogre shouts!
You hear a shout!
The quokka barely misses you.
A goblin comes into view. It is wielding a +0 dagger of pain.
The quokka closely misses you.
You closely miss the quokka.
The quokka is moderately wounded.
The quokka closely misses you.
You closely miss the quokka.
The quokka is moderately wounded.
The quokka bites you. x2
You hit the quokka.
You kill the quokka!
The ogre closely misses you.
You hit the ogre.
The ogre is lightly wounded.
The ogre barely misses you.
You completely miss the ogre.
The ogre is lightly wounded.
You hit the goblin.
You kill the goblin!
The ogre hits you with a +0 giant club!
Ouch! That really hurt!
You die...

#....#
#....#
#....#
+....#
###....##
#>......#
#.......#
#.......#
+..@)...#
#...O...#
###+#....#
....#
....# ...+
..... ....


You could see an ogre.

Vanquished Creatures
  An ufetubus (D:5)
  A goblin (D:4)
  A quokka (D:4)
3 creatures vanquished.

Notes
Turn   | Place    | Note
-------+----------+-------------------------------------------
     0 | D:5      | flotson the Demonspawn Delver began the quest for the Orb.
     0 | D:5      | Reached XP level 1. HP: 18/18 MP: 1/1
   208 | D:5      | Noticed an ogre
   519 | D:4      | Noticed an ogre
   526 | D:4      | Slain by an ogre

Illustrated notes

Levels and vault maps discovered:
D:4:      cheibrodos_helix_gallery, layout_gridville, lemuel_tele_altar,
          chequers_temple_overflow_statue_of_worship, serial_shops, shop
D:5:      layout_loops_corners, marbit_many_paths, uniq_menkaure

Action                   || total
-------------------------++-------
Melee: Hand axe          ||    10
  Use: Potion            ||     1
Armor: Leather armour    ||     1
Dodge: Dodged            ||    14

Table legend: (Time is in decaauts)
 A = Elapsed time spent in this place.
 B = Non-inter-level travel time spent in this place.
 C = Inter-level travel time spent in this place.
 D = Time resting spent in this place.
 E = Time spent auto-exploring this place.
 F = Levels seen in this place.
 G = Mean time per level.
                   A        B        C        D        E       F      G
               +--------+--------+--------+--------+--------+-----+--------+
         Total |    512 |    482 |     30 |    143 |    270 |   2 |  256.0 |
       Dungeon |    512 |    482 |     30 |    143 |    270 |   2 |  256.0 |
               +--------+--------+--------+--------+--------+-----+--------+

Top non-repeatable levels by time:
     D:5: 498 daAuts
     D:4: 14 daAuts
